 Dungeon Crawl Stone Soup version 0.30-a0-159-g068b764562 (webtiles) character file.

Game seed: 8821101161619356175

89 qw the Chopper (level 4, 0/28 HPs)
             Began as a Gargoyle Fighter on Sept 27, 2022.
             Slain by Ijyb
             ... wielding a +0 club
              (8 damage)
             ... on level 3 of the Dungeon.
             The game lasted 00:00:52 (1850 turns).

qw the Chopper (Gargoyle Fighter)                   Turns: 1850, Time: 00:00:53

Health: 0/28       AC: 10    Str: 21    XL:     4   Next: 55%
Magic:  4/4        EV:  9    Int:  9    God:
Gold:   82         SH:  4    Dex:  9    Spells: 3/3 levels left

rFire   . . .      SeeInvis .    Y - +0 war axe (chaos)
rCold   . . .      Faith    .    c - +0 buckler
rNeg    + . .      Spirit   .    b - +0 scale mail
rPois   inf        Reflect  .    (no helmet)
rElec   +          Harm     .    (no cloak)
rCorr   .          Rampage  .    (no gloves)
Will    .....                    (no boots)
Stlth   ..........               (no amulet)
HPRegen 0.09/turn                (no ring)
MPRegen 0.09/turn                (no ring)

@: no status effects
A: sickness immunity, AC +3, negative energy resistance 1, electricity
resistance, torment resistance 1, petrification resistance
a: no special abilities


You were on level 3 of the Dungeon.
You visited 1 branch of the dungeon, and saw 3 of its levels.

You collected 82 gold pieces.


Innate Abilities, Weirdness & Mutations

You are immune to sickness and miasma.
Your stone body is resilient. (AC +3)
You are immune to poison.
You resist negative energy. (rN+)
You are resistant to electric shocks. (rElec)
You are resistant to unholy torment.
You are immune to petrification.


   Skills:
 - Level 3.2 Fighting
 + Level 4.2 Axes
 - Level 3.2 Armour
 - Level 3.2 Shields


You had 3 spell levels left.
You didn't know any spells.
Your spell library was empty.

Inventory:

Hand Weapons
 j - a +0 mace
 Y - a +0 war axe of chaos (weapon)
Armour
 b - a +0 scale mail (worn)
 c - a +0 buckler (worn)
Scrolls
 f - a scroll of identify
Potions
 d - 3 potions of might
 e - a potion of attraction {unknown}
 h - a potion of haste {unknown}
 l - a potion of cancellation {unknown}

Dungeon Overview and Level Annotations

Branches:
Dungeon (3/15)

Altars:
Xom

Annotations:
D:3 Ijyb


Message History

Ijyb zaps a wand.
Your will is overpowered!
You are more confused.
You bump into the rock wall.
You closely miss Ijyb. Ijyb hits you but does no damage.
You barely miss Ijyb. Ijyb hits you with a +0 club.
You bump into the rock wall.
Ijyb zaps a wand.
You resist with some effort.
You're too confused to move!
Ijyb hits you but does no damage.
You miss Ijyb.
Ijyb zaps a wand.
You resist with some effort.
The now-empty wand crumbles to dust.
Ijyb barely misses you.
You closely miss Ijyb.
You feel less confused. Ijyb hits you with a +0 club.
You barely miss Ijyb. Ijyb hits you but does no damage.
You block Ijyb's attack.
You barely miss Ijyb. Ijyb barely misses you.
You hit Ijyb but do no damage. Ijyb hits you but does no damage.
You hit Ijyb but do no damage. Ijyb hits you with a +0 club.
Ijyb closely misses you.
You barely miss Ijyb. Ijyb hits you but does no damage.
You hit Ijyb.
Ijyb is lightly wounded.
Ijyb hits you with a +0 club.
You closely miss Ijyb.
Ijyb is lightly wounded.
Ijyb hits you but does no damage. You block Ijyb's attack.
You closely miss Ijyb.
Ijyb is lightly wounded.
Ijyb hits you but does no damage.
You hit Ijyb but do no damage.
Ijyb goes berserk!
Ijyb is lightly wounded.
Ijyb hits you with a +0 club!
You die...

##...## ..# ##.....##
##. ...##.......##
#.. ............# #..
............+ #.#
#.........# #.#
#.......# #.# #.....#
#.# ##@g.## ###.#####
######'## #.......#
#......#
#.#.###.###.###..##
#.#.# #.##.........#
#<#.###.##..###....#
#.#...%.........../#
#.#####.##..#.#......
#.# #.##..#.#..#.###


You could see Ijyb (berserk).

Vanquished Creatures
  2 adders (D:2)
  A dart slug (D:1)
  A ball python (D:1)
  8 endoplasms (D:1)
  2 giant cockroaches (D:1)
  11 goblins
  7 hobgoblins
  7 jackals (D:1)
  3 quokkas
  4 bats
  2 frilled lizards
  4 kobolds
  7 rats
59 creatures vanquished.

Notes
Turn   | Place    | Note
-------+----------+-------------------------------------------
     0 | D:1      | qw the Gargoyle Fighter began the quest for the Orb.
     0 | D:1      | Reached XP level 1. HP: 14/14 MP: 1/1
     0 | D:1      | 0 ||| qw: Version: 0.2-a-10-g37ed214
     0 | D:1      | 0 ||| qw: Game counter: 540
     0 | D:1      | 0 ||| qw: Always use a shield: true
     0 | D:1      | 0 ||| qw: God list: Okawaru
     0 | D:1      | 0 ||| qw: Allow faded altars: false
     0 | D:1      | 0 ||| qw: Do Orc after D:15 true
     0 | D:1      | 0 ||| qw: Do second Lair branch before Depths: true
     0 | D:1      | 0 ||| qw: Lair rune preference: random
     0 | D:1      | 0 ||| qw: Plans: Normal, Zot:1-4, God:TSO, Crypt, Tomb,
                  | Pan, Slime:5, Hells, Abyss, Orb
     0 | D:1      | 0 ||| PLANNING D:1-11
    44 | D:1      | Reached skill level 2 in Axes
   111 | D:1      | 111 ||| Stepping ~*~*~tactically~*~*~ (stealth).
   123 | D:1      | Reached XP level 2. HP: 13/19 MP: 2/2
   223 | D:1      | 223 ||| Stepping ~*~*~tactically~*~*~ (stealth).
   229 | D:1      | 229 ||| Stepping ~*~*~tactically~*~*~ (stealth).
   248 | D:1      | 248 ||| Stepping ~*~*~tactically~*~*~ (stealth).
   321 | D:1      | 321 ||| Stepping ~*~*~tactically~*~*~ (stealth).
   336 | D:1      | 336 ||| Stepping ~*~*~tactically~*~*~ (hiding).
   349 | D:1      | 349 ||| DROPPING +0 club.
   358 | D:1      | 358 ||| Stepping ~*~*~tactically~*~*~ (stealth).
   359 | D:1      | 359 ||| Stepping ~*~*~tactically~*~*~ (stealth).
   484 | D:1      | Reached skill level 3 in Axes
   486 | D:1      | Reached XP level 3. HP: 18/23 MP: 3/3
   542 | D:1      | 542 ||| Stepping ~*~*~tactically~*~*~ (stealth).
   669 | D:1      | 669 ||| Stepping ~*~*~tactically~*~*~ (stealth).
   978 | D:1      | 978 ||| Stepping ~*~*~tactically~*~*~ (stealth).
  1033 | D:1      | 1033 ||| READING scroll labelled DITINI AMNIMET.
  1034 | D:1      | 1034 ||| DRINKING 2 fizzy green potions.
  1035 | D:1      | 1035 ||| DRINKING 2 fizzy cyan potions.
  1036 | D:1      | 1036 ||| DROPPING potion of invisibility.
  1050 | D:2      | 1050 ||| STAIRDANCE
  1095 | D:2      | Reached XP level 4. HP: 25/28 MP: 4/4
  1297 | D:2      | Reached skill level 4 in Axes
  1538 | D:2      | 1538 ||| Stepping ~*~*~tactically~*~*~ (stealth).
  1552 | D:2      | Found a shimmering altar of Xom.
  1603 | D:2      | Found a faded altar of an unknown god.
  1765 | D:2      | 1765 ||| READING scroll labelled JYOD KYTUADGHO.
  1769 | D:2      | 1769 ||| READING scroll labelled LOISEQ ZISK.
  1770 | D:2      | 1770 ||| READING scroll labelled ELUHEM VOETHRIJYO.
  1771 | D:2      | 1771 ||| READING scroll labelled IGOTIO TAIMAGU.
  1823 | D:3      | Noticed Ijyb
  1829 | D:3      | 1829 ||| DRINKING potion of curing.
  1829 | D:3      | 1829 ||| (to cure confusion)
  1850 | D:3      | Slain by Ijyb

Levels and vault maps discovered:
D:1:      scummos_arrival_hexagon, layout_rooms, roderic_serpentine_path
D:2:      layout_loops_ring, shapermc_ecumenical_altar_totnotflames, basic_altar
D:3:      layout_loops_corners, uniq_sigmund, uniq_ijyb, uniq_crazy_yiuf_cottage

Skill      XL: |  1  2  3  4 |
---------------+-------------+-----
Axes           | 2 3 4 |  4.2
Fighting       | |  3.2
Armour         | |  3.2
Shields        | |  3.2

Action                   |  1- 3 |  4- 6 || total
-------------------------+-------+-------++-------
Melee: War axe           |   106 |    77 ||   183
  Use: Potion            |     2 |     1 ||     3
       Scroll            |     1 |     4 ||     5
Armor: Scale mail        |    55 |    47 ||   102
Dodge: Dodged            |    53 |    33 ||    86
Block: Buckler           |    18 |    12 ||    30

Table legend:
 A = Non-vault XP
 B = Vault XP
 C = Vault XP percentage of total XP
 D = Non-vault monster count
 E = Vault monster count
 F = Vault count percentage of total count
                 A         B        C        D         E       F
            +---------+---------+-------+---------+---------+-------
      Total |     128 |       0 |   0.0 |      59 |       0 |   0.0
            +---------+---------+-------+---------+---------+-------
        D:1 |      71 |       0 |   0.0 |      40 |       0 |   0.0
        D:2 |      56 |       0 |   0.0 |      18 |       0 |   0.0
        D:3 |       1 |       0 |   0.0 |       1 |       0 |   0.0
            +---------+---------+-------+---------+---------+-------
